AoeStats
← gob b

QS Arena

503598196Analyzed
4v4 RM · 1mo ago on Sep 1, 2026· 42m 0s· 8 players
Game mode
Random Map
Map size
Large (8 player)
Population
200
Speed
Normal
Resources
Standard
Victory
Conquest
Starting age
Dark Age
Ending age
Imperial Age
RankedLock teamsTeams togetherTeam positionsShared explorationLock speedFull tech treeHidden civsTurbo modeCheats
Victory
Defeat
🇹🇼 Hindustanis · Taiwan
1301
+11
🇹🇼 Burmese · Taiwan
1261
+13
🇨🇳 Bohemians · China
1148
+18
🇹🇼 Goths · Taiwan
1129
+19
🇨🇳 Khmer · China
1244
-18
🇮🇳 Franks · India
1204
-16
🇨🇳 Italians · China
1183
-15
🇹🇼 Huns · Taiwan
1159
-14
gob b
8:49 Feudal Age
12:39 Castle Age
11:23 Forging
13:43 Double-Bit Axe
13:54 Gold Mining
15:17 Wheelbarrow
20:22 Bow Saw
24:27 Loom
24:58 Hand Cart
27:33 Imperial Age
27:15 Iron Casting
26:45 Scale Barding Armor
27:15 Husbandry
27:40 Cavalier
29:41 Paladin
32:41 Conscription
35:08 Blast Furnace
34:29 Chain Barding Armor
38:19 Light Cavalry
OceaN X
2:25 Loom
8:16 Feudal Age
14:01 Castle Age
12:51 Double-Bit Axe
12:50 Horse Collar
13:44 Gold Mining
19:12 Sanctity
22:10 Bow Saw
23:02 Wheelbarrow
22:45 Heavy Plow
24:17 Town Watch
24:40 Fletching
24:51 Padded Archer Armor
25:07 Stone Mining
25:44 Bodkin Arrow
28:38 Imperial Age
26:28 Leather Archer Armor
27:31 Stone Shaft Mining
28:08 Thumb Ring
28:23 Fortified Wall
28:09 Murder Holes
28:51 Scale Barding Armor
28:15 Light Cavalry
28:56 Husbandry
29:49 Conscription
30:03 Hand Cart
31:04 Chemistry
30:25 Ballistics
31:11 Hoardings
32:01 Conscription
32:41 Capped Ram
34:52 Bloodlines
我是D头大哥
8:27 Feudal Age
12:03 Castle Age
10:15 Double-Bit Axe
11:26 Horse Collar
21:25 Loom
22:16 Wheelbarrow
22:13 Bow Saw
27:06 Imperial Age
26:00 Gold Mining
26:17 Heavy Plow
27:20 Ballistics
29:05 Chemistry
28:09 Double Crossbow
28:30 Conscription
27:39 Heavy Scorpion
29:24 Hand Cart
32:16 Forging
32:12 Scale Barding Armor
33:03 Light Cavalry
33:54 Bloodlines
33:45 Husbandry
34:03 Hussar
35:24 Hoardings
35:49 Gold Shaft Mining
35:04 Stone Mining
Pig-killing team member
1:19 Loom
9:54 Feudal Age
14:04 Castle Age
12:02 Double-Bit Axe
12:06 Horse Collar
15:19 Bow Saw
16:37 Heavy Plow
18:12 Wheelbarrow
20:30 Gold Mining
20:42 Stone Mining
23:47 Hand Cart
24:53 Gold Shaft Mining
28:44 Imperial Age
26:09 Town Watch
25:50 Pikeman
27:15 Bloodlines
27:13 Scale Barding Armor
26:58 Arson
27:13 Squires
26:38 Elite Skirmisher
27:35 Husbandry
28:42 Forging
28:54 Chain Barding Armor
29:59 Cavalier
31:10 Fletching
31:22 Padded Archer Armor
31:52 Conscription
31:54 Halberdier
32:28 Light Cavalry
33:03 Hussar
34:22 Plate Barding Armor
33:51 Scale Mail Armor
36:11 Iron Casting
35:53 Chain Mail Armor
36:47 Two-Man Saw
36:49 Chemistry
36:09 Ballistics
41:22 Blast Furnace
yukiro2012
8:09 Feudal Age
11:46 Castle Age
12:56 Horse Collar
26:05 Imperial Age
23:50 Scale Mail Armor
24:37 Heavy Plow
24:04 Pikeman
24:16 Man-at-Arms
24:57 Squires
24:42 Arson
24:43 Gambesons
25:33 Gold Mining
25:22 Long Swordsman
26:04 Manipur Cavalry
26:15 Loom
27:05 Wheelbarrow
26:16 Town Watch
26:50 Forging
26:55 Chain Mail Armor
26:10 Two-Handed Swordsman
27:30 Stone Mining
27:02 Halberdier
29:49 Iron Casting
30:10 Plate Mail Armor
30:27 Hand Cart
30:22 Champion
32:08 Conscription
32:36 Crop Rotation
34:27 Blast Furnace
37:15 Howdah
37:15 Manipur Cavalry
39:29 Fletching
39:40 Padded Archer Armor
40:15 Coinage
42:20 Banking
cha0300775
8:06 Feudal Age
11:42 Castle Age
9:48 Double-Bit Axe
10:44 Horse Collar
14:36 Loom
18:20 Bow Saw
19:14 Wheelbarrow
19:19 Town Watch
20:02 Gold Mining
20:23 Heavy Plow
20:30 Stone Mining
22:02 Gold Shaft Mining
26:12 Imperial Age
24:05 Hand Cart
24:02 Scale Barding Armor
25:06 Stone Shaft Mining
24:41 Husbandry
25:17 Chain Barding Armor
24:50 Elite Skirmisher
25:35 Thumb Ring
25:58 Forging
25:53 Padded Archer Armor
25:22 Pikeman
26:02 Squires
26:07 Scale Mail Armor
26:45 Fletching
27:31 Plate Barding Armor
28:00 Two-Man Saw
27:50 Iron Casting
27:41 Bloodlines
26:52 Heavy Camel Rider
29:18 Conscription
29:11 Bodkin Arrow
29:45 Leather Archer Armor
29:05 Light Cavalry
29:54 Grand Trunk Road
30:27 Bracer
31:33 Blast Furnace
31:04 Ring Archer Armor
30:49 Chain Mail Armor
30:42 Arson
30:17 Man-at-Arms
31:40 Ballistics
32:20 Chemistry
30:54 Long Swordsman
31:54 Two-Handed Swordsman
32:47 Fortified Wall
32:48 Masonry
32:27 Champion
32:30 Imperial Camel Rider
37:07 Fervor
37:17 Sanctity
39:24 Shatagni
40:07 Hussar
bimurock
0:35 Loom
8:17 Feudal Age
9:39 Wheelbarrow
8:53 Double-Bit Axe
14:27 Castle Age
12:32 Horse Collar
14:24 Stone Mining
14:24 Gold Mining
15:25 Bow Saw
16:00 Heavy Plow
22:44 Hand Cart
23:12 Stone Shaft Mining
23:35 Town Watch
27:58 Imperial Age
26:03 Forging
25:54 Scale Mail Armor
27:02 Anarchy
27:04 Squires
27:52 Iron Casting
28:52 Chain Mail Armor
28:44 Perfusion
29:14 Conscription
30:11 Blast Furnace
30:27 Town Patrol
32:12 Chemistry
30:38 Elite Huskarl
32:16 Masonry
32:26 Ballistics
34:30 Fletching
34:41 Padded Archer Armor
34:47 Scale Barding Armor
38:45 Pikeman
38:46 Man-at-Arms
39:17 Halberdier
40:05 Long Swordsman
41:03 Onager
41:04 Capped Ram
41:35 Two-Handed Swordsman
41:55 Champion
南门
0:28 Loom
8:56 Feudal Age
12:42 Castle Age
11:04 Horse Collar
12:06 Double-Bit Axe
13:43 Bow Saw
17:28 Heavy Plow
19:08 Fervor
20:19 Wheelbarrow
24:59 Imperial Age
24:18 Chemistry
23:13 Pikeman
23:54 Squires
23:59 Scale Mail Armor
24:09 Forging
25:56 Chain Mail Armor
25:40 Halberdier
27:06 Iron Casting
28:08 Plate Mail Armor
29:13 Two-Man Saw
28:28 Town Watch
28:59 Hand Cart
30:09 Blast Furnace
33:03 Ballistics
34:19 Siege Engineers
35:30 Masonry
35:55 Arson
35:47 Houfnice
38:25 Fletching
38:35 Padded Archer Armor
40:22 Wagenburg Tactics
40:38 Conscription
40:46 Bodkin Arrow
40:35 Treadmill Crane
41:26 Architecture
Connection lost

Rejoining the realm…

Still unreachable

The connection could not be restored.

Session expired

The server has moved on; the page needs a fresh start.